 Dungeon Crawl Stone Soup version 0.30-a0-702-gdf48620a09 (webtiles) character file.

Game seed: 2606190390183356266

24250 ragingrage the Summoner (level 13, -2/98 HPs)
             Began as a Formicid Summoner on Jan 22, 2023.
             Was a Priest of Ru.
             Slain by a sixfirhy (10 damage)
             ... in a Gauntlet.
             The game lasted 00:34:24 (18835 turns).

ragingrage the Summoner (Formicid Summoner)        Turns: 18835, Time: 00:34:24

Health: -2/98      AC:  7    Str: 13    XL:     13   Next: 41%
Magic:  16/26      EV: 16    Int: 26    God:    Ru [***...]
Gold:   518        SH:  0    Dex: 17    Spells: 2/30 levels left

rFire   . . .      SeeInvis +    u - +8 flail "Ful Eni" {spect, SInv}
rCold   . . .      Faith    .    (no shield)
rNeg    . . .      Spirit   .    S - +2 robe {Archmagi}
rPois   +          Reflect  .    (helmet unavailable)
rElec   .          Harm     .    C - +0 cloak
rCorr   .          Rampage  .    d - +1 pair of gloves {Dex+3}
Will    +....      Archmagi +    (no boots)
Stlth   ++++                     Q - amulet of magic regeneration
HPRegen 0.36/turn                a - ring of poison resistance
MPRegen 0.60/turn                T - +6 ring of intelligence

@: horrified, unable to read
A: permanent stasis, dig shafts and tunnels, antennae 3, inability to read after
injury 2, cowardly, missing an eye, four strong arms
a: Dig, Renounce Religion, Draw Out Power


You were in a Gauntlet.
You worshipped Ru.
Ru was most pleased with you.
You visited 3 branches of the dungeon, and saw 15 of its levels.
You also visited: Ossuary and Gauntlet.

You collected 971 gold pieces.
You spent 453 gold pieces at shops.

Inventory:

Hand Weapons
 u - the +8 flail "Ful Eni" (weapon) {spect, SInv}
   (You found it on level 1 of the Lair of Beasts)

   SInv:      It lets you see invisible.
Missiles
 c - 14 curare-tipped darts
 j - 26 poisoned darts
 q - 5 javelins
 I - 5 boomerangs of dispersal
Armour
 d - a +1 pair of gloves of dexterity (worn)
 f - the +1 leather armour of Yesterday {Str+3}
   (You found it in a Gauntlet)

   Str:       It affects your strength (+3).
 C - a +0 cloak (worn)
 P - a +0 kite shield
 S - a +2 robe of the Archmagi (worn)
Jewellery
 a - a ring of poison resistance (left hand)
 m - a ring of positive energy
 r - a ring of protection from cold
 t - a ring of protection from cold
 H - a ring of protection from fire
 L - a ring of protection from fire
 O - a +4 ring of slaying
 Q - an amulet of magic regeneration (around neck)
 T - a +6 ring of intelligence (right hand)
 V - a ring of wizardry
 W - a ring of flight
Wands
 h - a wand of roots (7)
 n - a wand of polymorph (1)
 v - a wand of paralysis (4)
 G - a wand of flame (27)
Scrolls
 g - a scroll of butterflies {unknown}
 l - 3 scrolls of fear
 o - a scroll of torment {unknown}
 x - 2 scrolls of identify
 B - 3 scrolls of poison
 E - 3 scrolls of fog
 M - 2 scrolls of magic mapping {unknown}
 U - a scroll of amnesia {unknown}
Potions
 b - a potion of magic
 e - 2 potions of mutation
 k - 4 potions of flight
 p - 5 potions of attraction
 w - 2 potions of curing
 z - 4 potions of brilliance
 A - a potion of cancellation
 F - a potion of ambrosia {unknown}
 J - 2 potions of lignification
 Y - a potion of might {unknown}
Miscellaneous
 X - a phial of floods


   Skills:
 + Level 8.1 Fighting
 + Level 6.9 Dodging
 - Level 7.0 Stealth
 + Level 5.8 Shields
 + Level 9.0 Spellcasting
 - Level 7.0 Hexes
 - Level 14.0 Summonings
 - Level 3.0 Ice Magic
 - Level 4.0 Air Magic


You had 2 spell levels left.
You knew the following spells:

 Your Spells              Type           Power      Damage    Failure   Level
a - Summon Lightning Spi  Summ/Air       68%        N/A       1%          4
b - Summon Cactus Giant   Summ           43%        N/A       2%          6
c - Summon Mana Viper     Hex/Summ       74%        N/A       1%          5
d - Call Canine Familiar  Summ           86%        N/A       1%          3
e - Summon Guardian Gole  Hex/Summ       74%        N/A       1%          3
f - Call Imp              Summ           86%        N/A       1%          2
g - Summon Small Mammal   Summ           100%       N/A       0%          1
h - Summon Ice Beast      Ice/Summ       66%        N/A       1%          4

Your spell library contained the following spells:

 Spells                   Type           Power      Damage    Failure   Level
 Freeze                   Ice            100%       1d10      1%          1
 Shock                    Conj/Air       100%       1d9       2%          1
 Beastly Appendage        Tmut           30%        N/A       4%          1
 Magic Dart               Conj           60%        1d6       4%          1
 Sandblast                Erth           30%        2d9       4%          1
 Lesser Beckoning         Tloc           30%        N/A       8%          2
 Scorch                   Fire           30%        2d6       8%          2
 Searing Ray              Conj           30%        2d5       8%          2
 Wereblood                Tmut           15%        N/A       8%          2
 Tukima's Dance           Hex            60%        N/A       1%          3
 Cause Fear               Hex            30%        N/A       2%          4
 Inner Flame              Hex/Fire       40%        N/A       3%          3
 Frozen Ramparts          Ice            74%        1d12      4%          3
 Hailstorm                Conj/Ice       26%        3d7       9%          3
 Kindle Blastsparks       Fire/Tloc/Air  50%        2d14      9%          3
 Fulminant Prism          Conj/Hex       20%        3d12      12%         4
 Silence                  Hex/Air        26%        N/A       14%         5
 Monstrous Menagerie      Summ           43%        N/A       14%         7
 Gell's Gravitas          Tloc           15%        N/A       16%         3
 Spider Form              Tmut/Pois      15%        N/A       16%         3
 Teleport Other           Tloc           15%        N/A       16%         3
 Yara's Violent Unravell  Hex/Tmut       20%        3d9       32%         5
 Flame Wave               Conj/Fire      15%        2d7       45%         4
 Iskenderun's Mystic Bla  Conj/Tloc      15%        2d5       45%         4
 Passage of Golubria      Tloc           15%        N/A       45%         4
 Freezing Cloud           Conj/Ice/Air   16%        6-21      47%         5
 Lee's Rapid Deconstruct  Erth           7%         3d7*      80%         5
 Simulacrum               Ice/Necr       13%        N/A       99%         6
 Borgnjor's Revivificati  Necr           7%         N/A       100%        8
 Discord                  Hex            30%        N/A       100%        8
 Lehudib's Crystal Spear  Conj/Erth      7%         10d3      100%        8
 Necromutation            Tmut/Necr      7%         N/A       100%        8
 Death's Door             Necr           7%         N/A       100%        9
 Polar Vortex             Ice            18%        N/A       100%        9


Dungeon Overview and Level Annotations

Branches:
Dungeon (11/15)            Temple (1/1) D:6            Lair (3/5) D:10
  Swamp (0/4) Lair:2        Snake (0/4) Lair:3      Ossuary (visited)
Gauntlet (1/1)
    Orc: D:9-12

Altars:
Cheibriados
Dithmenos
Elyvilon
Fedhas
Gozag
Hepliaklqana
Kikubaaqudgha
Makhleb
Nemelex Xobeh
Okawaru
Qazlal
Ru
Sif Muna
Trog
Uskayaw
Vehumet
Wu Jian
Xom
Yredelemnul
Zin
The Shining One

Shops:
D:1 *   D:4 *(   D:10 =

Portals:
Abyss: Lair:1

Annotations:
D:7 exclusions: hornet and ugly thing
D:8 exclusion: downstairs
D:10 exclusion: downstairs
D:11 exclusion: boulder beetle
Lair:1 2 transporters, royokou's ghost, journeyman MfGl Gauntlet 9 transporters


Innate Abilities, Weirdness & Mutations

You cannot be hasted, slowed, berserked, paralysed or teleported.
You can dig through walls and to a lower floor.
You have a pair of large antennae on your head. (SInv)
You sometimes lose the ability to read scrolls when taking damage.
Your cowardice makes you less effective in combat with threatening foes.
You are missing an eye, making it more difficult to aim.
Your four strong arms can wield two-handed weapons with a shield.


Message History

The sixfirhy hits you. The sixfirhy shocks you!
Your cactus giant misses the sixfirhy.
You thump the sixfirhy!
The sixfirhy is lightly wounded.
The sixfirhy barely misses you. x2
You redirect the sixfirhy's attack!
The sixfirhy hits itself!
The sixfirhy closely misses you.
The sixfirhy enters a dispersal trap!
The sixfirhy blinks! x4
You feel a strange sense of stasis.
The sixfirhy blinks!
The sixfirhy closely misses you.
You completely miss the sixfirhy.
The sixfirhy is lightly wounded.
Your +8 flail "Ful Eni" {spect, SInv} barely misses the sixfirhy.
The sixfirhy hits you. The sixfirhy shocks you!
You feel threatened and lose the ability to read scrolls!
The sixfirhy hits you but does no damage.
The sixfirhy completely misses you. The sixfirhy hits you.
The sixfirhy shocks you!
The sixfirhy enters a dispersal trap!
The sixfirhy blinks!
Your +8 flail "Ful Eni" {spect, SInv} blinks!
The sixfirhy blinks! x2; You feel a strange sense of stasis.
The sixfirhy blinks!
The sixfirhy hits your +8 flail "Ful Eni" {spect, SInv} but does no damage.
The sixfirhy hits you! The sixfirhy shocks you!
You redirect the sixfirhy's attack!
The sixfirhy closely misses something.
You closely miss the sixfirhy.
The sixfirhy is lightly wounded.
Your +8 flail "Ful Eni" {spect, SInv} hits the sixfirhy!
The sixfirhy hits you but does no damage.
The sixfirhy hits you!
* * * LOW HITPOINT WARNING * * *
The sixfirhy shocks you!
* * * LOW HITPOINT WARNING * * *
The sixfirhy closely misses you.
The sixfirhy hits you but does no damage.
The sixfirhy hits you.
* * * LOW HITPOINT WARNING * * *
The sixfirhy shocks you!
You die...

#≈.8......8........§§§......
##...............8.....8....
#§...###########............
##...#.....#...#...#########
#≈...#.^##..#..#...#..^.^..#
##...#[.#..##..#####.#.#.⌠.#
#≈...#?.##.§#..#...#..P.P..#
##.8.#©.#^3##..#©8©#©#.©.8)#
#≈...#..##(@#..#...#..P.P..#
##...#?.#^3##3.#####.#.#.8.#
#§...#.^##C{#..#...#..^.^..#
##...#.....#...#...#########
#≈...###########............
##...............8.....8....
.# ##.8.....8.................
..##≈...............##########
...##...#########...#○°°...RhE


You could see 3 sixfirhies, a friendly cactus giant (summoned) and a friendly +8
flail "Ful Eni" {spect, SInv} (summoned).

Vanquished Creatures
  An unseen horror (D:11)
  2 dream sheep (Lair:2)
  A spectral dream sheep (Lair:2)
  A fire bat (Lair:1)
  2 wyverns
  2 wolves (Lair:2)
  A kobold brigand (D:3)
  4 necrophages
  3 elf zombies (Ossuary)
  An orc priest (D:6)
  A hound (D:5)
  2 jellies
  2 human zombies (Ossuary)
  Jessica (D:3)
  3 orc wizards (D:6)
  5 gnolls
  An adder (D:5)
  An ufetubus (D:5)
  A worm (D:2)
  5 orcs
  5 ball pythons
  3 endoplasms
  3 giant cockroaches
  A goblin (D:1)
  3 hobgoblins
  16 kobolds
  3 quokkas
  2 frilled lizards
  4 rats (D:2)
80 creatures vanquished.

Vanquished Creatures (collateral kills)
  A reaper (Gauntlet)
  A hydra (Lair:2)
  A spectral catoblepas (Lair:2)
  A necromancer (D:9)
  An oklob plant (Lair:2)
  A black mamba (Lair:1)
  2 cane toads (Lair:3)
  3 rime drakes
  An unseen horror (D:11)
  2 komodo dragons
  A hellwing (Gauntlet)
  A polar bear (Lair:2)
  5 dream sheep (Lair:3)
  10 blink frogs
  Sigmund (D:2)
  3 wraiths
  2 wyverns (D:10)
  A vampire (D:10)
  A basilisk (Lair:2)
  A steam dragon (D:10)
  31 yaks
  2 fire bats (Lair:1)
  3 vampire mosquitoes (D:10)
  4 nagas (Lair:3)
  An acid dragon (D:9)
  6 water moccasins
  3 orc warriors
  A spectral blink frog (Lair:2)
  An ice beast (D:6)
  An ogre (D:6)
  5 centaurs
  7 wolves (Lair:2)
  A kobold brigand (D:7)
  An elf zombie (Ossuary)
  11 bullfrogs
  3 scorpions (D:6)
  5 wights
  5 killer bees (D:9)
  A howler monkey (D:5)
  2 centaur zombies (Ossuary)
  A hound (D:5)
  4 orc priests
  2 iguanas
  Terence (D:2)
  7 orc wizards
  A mummy (Ossuary)
  15 gnolls
  3 adders (D:2)
  A shadow imp (D:8)
  A white imp (D:5)
  A worm (D:3)
  24 orcs
  5 ball pythons
  9 endoplasms
  A giant cockroach (D:2)
  7 goblins
  10 hobgoblins
  6 bats
  28 kobolds
  2 rats
263 creatures vanquished.

Vanquished Creatures (others)
  A gargoyle (D:11)
  A troll (D:11)
  3 blink frogs (Lair:1)
  3 yaks (D:9)
  A basilisk (Lair:1)
  An ice beast (D:6)
  An ogre (D:5)
  4 wights (D:6)
  A killer bee (D:9)
  2 centaur zombies (Ossuary)
  2 human zombies (Ossuary)
  An orc priest (D:6)
  An iguana (D:5)
  2 mummies (Ossuary)
  6 fungi
  23 plants
53 creatures vanquished.

Grand Total: 396 creatures vanquished

Notes
Turn   | Place    | Note
-------+----------+-------------------------------------------
     0 | D:1      | ragingrage the Formicid Summoner began the quest for the
                  | Orb.
     0 | D:1      | Reached XP level 1. HP: 13/13 MP: 3/3
  1091 | D:1      | Reached XP level 2. HP: 15/19 MP: 5/5
  1108 | D:1      | Learned a level 2 spell: Call Imp
  1375 | D:1      | Found Ojin's General Store.
  1406 | D:1      | Reached XP level 3. HP: 24/24 MP: 1/6
  2823 | D:2      | Reached XP level 4. HP: 30/30 MP: 5/8
  2831 | D:2      | Learned a level 3 spell: Call Canine Familiar
  3090 | D:2      | Noticed Sigmund
  3237 | D:2      | Reached skill level 5 in Summonings
  3242 | D:2      | Reached XP level 5. HP: 32/35 MP: 6/9
  3426 | D:2      | Noticed Terence
  3816 | D:3      | Noticed Jessica
  3826 | D:3      | Killed Jessica
  4565 | D:3      | Learned a level 3 spell: Summon Guardian Golem
  4894 | D:3      | Reached skill level 6 in Summonings
  4894 | D:3      | Reached XP level 6. HP: 36/41 MP: 5/10
  4910 | D:3      | Reached skill level 1 in Hexes
  5274 | D:3      | Reached XP level 7. HP: 24/46 MP: 5/11
  5563 | D:4      | Found a sand-covered staircase.
  5568 | Ossuary  | Entered an ossuary
  5639 | Ossuary  | Reached skill level 7 in Summonings
  5819 | Ossuary  | Reached skill level 8 in Summonings
  5819 | Ossuary  | Reached XP level 8. HP: 38/52 MP: 9/12
  6380 | D:4      | Found Etamo's General Store.
  6409 | D:4      | Bought a potion of curing for 39 gold pieces
  6423 | D:4      | Found Ceicuwik's Weapon Shop.
  6571 | D:4      | Got Even Novices Can Use Magic!
  7053 | D:5      | Entered Level 5 of the Dungeon
  7085 | D:5      | Reached skill level 9 in Summonings
  7586 | D:5      | Reached skill level 10 in Summonings
  7805 | D:5      | Reached XP level 9. HP: 31/58 MP: 11/13
  8500 | D:6      | Reached skill level 1 in Fighting
  8783 | D:6      | Found a staircase to the Ecumenical Temple.
  8803 | Temple   | Entered the Ecumenical Temple
  8977 | Temple   | Became a worshipper of Ru the Awakened
  9139 | D:6      | Learned a level 4 spell: Summon Lightning Spire
  9317 | D:6      | Reached skill level 1 in Air Magic
  9751 | D:6      | Found an ancient bone altar of Kikubaaqudgha.
  9992 | D:6      | Found a stormy altar of Qazlal.
 10627 | D:7      | Found a hide-covered altar of Uskayaw.
 10661 | D:7      | Reached skill level 5 in Spellcasting
 10712 | D:7      | Noticed a red ugly thing
 10712 | D:7      | Noticed a hornet
 10786 | D:7      | Found an opulent altar of Gozag.
 10786 | D:7      | Found a white marble altar of Elyvilon.
 10937 | D:7      | Found an ornate altar of the Wu Jian Council.
 10940 | D:7      | Gained mutation: You are missing an eye, making it more
                  | difficult to aim. [Ru sacrifice]
 10940 | D:7      | Reached * piety under Ru
 11032 | D:7      | Reached skill level 11 in Summonings
 11032 | D:7      | Reached XP level 10. HP: 43/67 MP: 17/17
 11293 | D:7      | Found a shimmering blue altar of Sif Muna.
 11676 | D:1      | Bought a +2 robe of the Archmagi for 414 gold pieces
 12035 | D:2      | Killed Terence
 12111 | D:2      | Killed Sigmund
 12467 | D:8      | Found a glowing golden altar of the Shining One.
 12477 | D:8      | Found a blossoming altar of Fedhas.
 12477 | D:8      | Found a shimmering blue altar of Sif Muna.
 12551 | D:8      | Found a glowing golden altar of the Shining One.
 12551 | D:8      | Found a radiant altar of Vehumet.
 12551 | D:8      | Found a shimmering altar of Xom.
 12707 | D:8      | Found a shadowy altar of Dithmenos.
 13338 | D:9      | Found a sparkling altar of Nemelex Xobeh.
 13432 | D:9      | Noticed a necromancer
 13445 | D:9      | Killed a necromancer
 13446 | D:9      | Reached skill level 12 in Summonings
 13496 | D:9      | Reached XP level 11. HP: 72/72 MP: 21/21
 13912 | D:9      | Learned a level 5 spell: Summon Mana Viper
 13917 | D:9      | Learned a level 4 spell: Summon Ice Beast
 13935 | D:10     | Entered Level 10 of the Dungeon
 14020 | D:10     | Reached skill level 1 in Ice Magic
 14047 | D:10     | Found a staircase to the Lair.
 14072 | D:10     | Reached skill level 5 in Stealth
 14260 | D:10     | Reached skill level 13 in Summonings
 14328 | D:10     | Reached skill level 5 in Hexes
 14383 | D:10     | Found an iron altar of Okawaru.
 14516 | D:10     | Found Meoquum's Jewellery Shop.
 14751 | D:11     | Noticed a boulder beetle
 15224 | D:11     | Gained mutation: You occasionally lose the ability to read
                  | scrolls when taking damage. [Ru sacrifice]
 15224 | D:11     | Gained mutation: You sometimes lose the ability to read
                  | scrolls when taking damage. [Ru sacrifice]
 15224 | D:11     | Reached ** piety under Ru
 15443 | D:11     | Reached XP level 12. HP: 84/84 MP: 9/23
 15647 | Lair:1   | Entered Level 1 of the Lair of Beasts
 15711 | Lair:1   | Reached skill level 5 in Fighting
 15975 | Lair:1   | Noticed a thrashing horror
 15996 | Lair:1   | Noticed a tentacled starspawn
 15998 | Lair:1   | Found a transporter.
 16079 | Lair:1   | Identified the +8 flail "Ful Eni" {spect, SInv}
 16201 | Lair:1   | Found a transporter.
 16203 | Lair:1   | Noticed a thrashing horror
 16209 | Lair:1   | Noticed royokou's ghost (journeyman MfGl)
 16266 | Lair:1   | Reached skill level 5 in Dodging
 16582 | Lair:1   | Noticed a hell hog
 16593 | Lair:1   | Found a one-way gate to the infinite horrors of the Abyss.
 17209 | Lair:2   | Reached skill level 1 in Shields
 17409 | Lair:2   | Noticed a four-headed hydra
 17417 | Lair:2   | Killed a four-headed hydra
 17811 | Lair:2   | Reached skill level 14 in Summonings
 17811 | Lair:2   | Reached XP level 13. HP: 95/95 MP: 15/25
 17821 | Lair:2   | Found a staircase to the Swamp.
 17821 | Lair:2   | Noticed a ghost crab
 18221 | Lair:3   | Learned a level 6 spell: Summon Cactus Giant
 18355 | Lair:3   | Reached skill level 5 in Shields
 18495 | Lair:3   | Found a staircase to the Snake Pit.
 18543 | Lair:3   | Found a gate leading to a gauntlet.
 18559 | Gauntlet | Entered a Gauntlet
 18559 | Gauntlet | Found a transporter.
 18567 | Gauntlet | Noticed a reaper
 18568 | Gauntlet | Found a transporter.
 18571 | Gauntlet | Gained mutation: Your cowardice makes you less effective in
                  | combat with threatening foes. [Ru sacrifice]
 18571 | Gauntlet | Reached *** piety under Ru
 18585 | Gauntlet | Found a transporter.
 18589 | Gauntlet | Found a transporter.
 18601 | Gauntlet | Found a transporter.
 18619 | Gauntlet | Found a transporter.
 18623 | Gauntlet | Found a transporter.
 18626 | Gauntlet | Found a transporter.
 18653 | Gauntlet | Found a transporter.
 18670 | Gauntlet | Found a transporter.
 18674 | Gauntlet | Found a transporter.
 18682 | Gauntlet | Found a transporter.
 18684 | Gauntlet | Noticed an entropy weaver
 18803 | Gauntlet | Killed a reaper
 18808 | Gauntlet | Identified the +1 leather armour of Yesterday {Str+3}
 18835 | Gauntlet | Slain by a sixfirhy

Illustrated notes

Levels and vault maps discovered:
D:1:      sevenhm_arrival_forest_fort_small_4, layout_loops_ring, serial_shops,
          shop, due_unseen_surprise
D:2:      layout_loops_corners, uniq_terence, uniq_sigmund
D:3:      minmay_goblin_kobold_castle, layout_loops_ring, uniq_jessica
D:4:      layout_basic, serial_shops, nicolae_shop_waterfront,
          nicolae_shop_temple_entry_statues_fountains, enter_ossuary_5,
          kennysheep_generic_room_12
D:5:      layout_cave_pods, serial_bayou, serial_bayou_crossing,
          serial_bayou_pond_b, serial_bayou_shore_a, serial_bayou_lagoon_b,
          serial_bayou_shore_b, serial_bayou_lagoon_a, grunt_decor_arrowhead,
          chequers_serial_rivers_micro_a, grunt_ministairs_2
D:6:      layout_basic, nicolae_qazlal_style_of_elements,
          mainiacjoe_overflow_surrounded_room, minmay_temple_entry_waves
D:7:      layout_basic, mainiacjoe_overflow_six_doors_small,
          mainiacjoe_overflow_brackets, kennysheep_little_box,
          gammafunk_temple_overflow_pools, minivault_1
D:8:      layout_basic, doesnt_xom_only_xom, mainiacjoe_overflow_small_starburst
D:9:      layout_rooms, lemuel_crystal_altar, minmay_librarian
D:10:     layout_cave_pools, okawaru_trees_2, minmay_lair_entry_grove,
          minmay_shop_enchanted_jewellery
D:11:     layout_roguey
Temple:   minmay_temple_curvy_loop
Lair:1:   layout_cave_pods, gammafunk_ghost_abyssal_escape,
          nicolae_volcano_entry_batcave, minivault_27,
          eino_small_chamber_without_monster
Lair:2:   layout_regular_city, nicolae_swamp_entry_spooky, beast_lair_carwin_7,
          grunt_megastairs_1
Lair:3:   layout_cave_pods, minmay_snake_entry_guardpost_small,
          gauntlet_entry_generic
Gauntlet: minmay_gauntlet_mixed_oops_all_seconds
          [minmay_gauntlet_arena_77_double_cross,
          nicolae_gauntlet_arena_grate_2, minmay_gauntlet_arena_77_museum,
          nicolae_gauntlet_arena_blocks,
          minmay_gauntlet_arena_77_tiled_triplets,
          gammafunk_gauntlet_arena_teeth, gauntlet_exit_green]

Skill      XL: |  1  2  3  4  5  6  7  8  9 10 11 12 13 |
---------------+----------------------------------------+-----
Dodging        | 2 4 6 |  6.9
Stealth        | 3 4 6 7 |  7.0
Summonings     | 5 6 8 10 11 12 13 14 | 14.0
Hexes          | 3 4 5 7 |  7.0
Fighting       | 2 4 6 8 |  8.1
Spellcasting   | 5 7 8 9 |  9.0
Air Magic      | 3 4 |  4.0
Ice Magic      | 3 |  3.0
Shields        | 3 5 |  5.8

Action                   |  1- 3 |  4- 6 |  7- 9 | 10-12 | 13-15 || total
-------------------------+-------+-------+-------+-------+-------++-------
Melee: Unarmed           |     4 |       |       |       |       ||     4
       Club              |     2 |       |       |       |       ||     2
       Dagger            |    13 |    80 |   125 |    70 |       ||   288
       Punch             |       |     1 |     4 |     1 |       ||     6
       Flail             |       |       |       |     6 |    13 ||    19
 Cast: Summon Small Mamm |    34 |    11 |     3 |       |       ||    48
       Call Imp          |    19 |    20 |     5 |       |       ||    44
       Call Canine Famil |       |    17 |    42 |    43 |     4 ||   106
       Summon Guardian G |       |       |    11 |    17 |     1 ||    29
       Summon Lightning  |       |       |     1 |    39 |     5 ||    45
       Summon Mana Viper |       |       |       |    32 |     7 ||    39
       Summon Ice Beast  |       |       |       |    24 |     2 ||    26
       Summon Cactus Gia |       |       |       |       |     7 ||     7
Invok: Sacrifice an Eye  |       |       |     1 |       |       ||     1
       Sacrifice Words   |       |       |       |     1 |       ||     1
       Sacrifice Courage |       |       |       |       |     1 ||     1
Evoke: Wand              |       |       |       |     3 |       ||     3
  Use: Scroll            |       |       |     1 |    15 |       ||    16
       Potion            |       |       |     1 |     3 |       ||     4
 Stab: Sleeping          |     1 |     5 |     3 |     2 |       ||    11
       Distracted        |       |     2 |     4 |       |       ||     6
Armor: Robe              |     6 |     9 |    16 |    34 |    10 ||    75
Dodge: Dodged            |    23 |    48 |    78 |    80 |    20 ||   249

Table legend: (Time is in decaauts)
 A = Elapsed time spent in this place.
 B = Non-inter-level travel time spent in this place.
 C = Inter-level travel time spent in this place.
 D = Time resting spent in this place.
 E = Time spent auto-exploring this place.
 F = Levels seen in this place.
 G = Mean time per level.
                   A        B        C        D        E       F      G
               +--------+--------+--------+--------+--------+-----+--------+
         Total |  18896 |  17628 |   1268 |   5040 |   8505 |  17 | 1111.5 |
       Dungeon |  14969 |  13896 |   1073 |   3983 |   7207 |  11 | 1360.8 |
        Temple |    215 |    132 |     83 |      0 |    127 |   1 |  215.0 |
          Lair |   2917 |   2806 |    111 |    819 |    979 |   3 |  972.3 |
       Ossuary |    516 |    516 |      0 |    238 |     70 |   1 |  516.0 |
      Gauntlet |    276 |    276 |      0 |      0 |    122 |   1 |  276.0 |
               +--------+--------+--------+--------+--------+-----+--------+

Top non-repeatable levels by time:
     D:1: 2816 daAuts
     D:3: 1980 daAuts
     D:5: 1726 daAuts
     D:6: 1605 daAuts
  Lair:1: 1349 daAuts
     D:2: 1325 daAuts
     D:7: 1154 daAuts
  Lair:2: 1146 daAuts
     D:4: 990 daAuts
     D:8: 988 daAuts
    D:11: 841 daAuts
    D:10: 831 daAuts
     D:9: 709 daAuts
 Ossuary: 516 daAuts
  Lair:3: 422 daAuts
